Map: Nightshade LE

Players

IIIIIIIIIIII - Winner!

  • Race: Terran Terran
  • League: Platinum
  • Spawn Location: 11:00

antagomiR

  • Race: Protoss Protoss
  • League: Gold
  • Spawn Location: 5:00

VOD

Have the link to the VOD?

Description

Time

  • Played on: April 8, 2020, 12:52 p.m.
  • Length: 9:32
Show
View Real Time Build Order
Export as new Build Order

IIIIIIIIIIII Terran - Winner!

Build Orders:  

Get SALT Encoding   

  12  0:15  SCV  
  13  0:28  SCV  
  14  0:32  Supply Depot  
  14  0:40  SCV  
  15  0:53  SCV  
  15  0:55  Barracks  
  16  1:06  SCV  
  16  1:09  Refinery  
  17  1:18  SCV  
  18  1:30  SCV  
  19  1:42  SCV  
  20  1:48  Command Center  
  20  2:10  Barracks Reactor  
  20  2:17  Orbital Command  
  20  2:25  Supply Depot  
  20  2:45  SCV, Command Center  
  20  2:47  Marine x2  
  23  2:55  Factory  
  23  2:57  SCV  
  24  2:59  Orbital Command  
  24  3:09  SCV, Marine x2  
  27  3:21  SCV  
  28  3:28  SCV  
  28  3:33  SCV  
  30  3:40  SCV  
  31  3:45  SCV  
  31  3:46  Starport  
  32  3:52  SCV  
  33  3:56  Hellion x2  
  33  3:59  Barracks Tech Lab  
  33  4:00  SCV  
  38  4:04  SCV, Orbital Command  
  38  4:13  SCV  
  38  4:16  SCV  
  40  4:18  Hellion x2  
  40  4:19  Marauder  
  40  4:24  Starport Reactor  
  46  4:25  SCV  
  46  4:28  SCV  
  46  4:31  SCV  
  49  4:37  SCV  
  50  4:39  Hellion  
  50  4:40  SCV  
  50  4:43  SCV  
  54  4:48  Refinery  
  54  4:50  SCV, Refinery  
  54  4:52  SCV, Supply Depot  
  56  4:53  Supply Depot  
  56  4:55  SCV  
  57  5:02  SCV  
  57  5:03  Marine  
  57  5:04  SCV  
  56  5:08  Bunker  
  56  5:11  Hellion x2  
  56  5:13  Medivac  
  56  5:14  SCV  
  62  5:21  Marauder  
  60  5:23  Orbital Command  
  60  5:25  Command Center  
  59  5:31  Barracks  
  59  5:33  Hellion  
  59  5:34  Barracks  
  61  5:36  Barracks  
  61  5:42  Marauder  
  63  5:46  Engineering Bay  
  63  5:47  Engineering Bay  
  63  5:49  Supply Depot, Refinery  
  63  5:50  Supply Depot  
  63  5:53  Refinery  
  63  5:54  Supply Depot  
  63  6:12  SCV x2  
  63  6:15  SCV  
  63  6:17  Supply Depot x2  
  64  6:22  Marine  
  64  6:24  SCV x2  
  65  6:26  Hellion  
  65  6:27  SCV  
  65  6:28  Hellion  
  65  6:32  Liberator  
  73  6:34  Liberator  
  73  6:36  SCV x2  
  73  6:39  Terran Infantry Weapons Level 1  
  78  6:41  Marauder  
  80  6:49  SCV  
  80  6:50  SCV x2  
  80  6:52  Orbital Command  
  83  6:55  Barracks Reactor x3  
  83  7:01  Armory  
  83  7:02  SCV x3  
  83  7:06  Marine, Terran Infantry Armor Level 1  
  83  7:07  Supply Depot x3  
  87  7:14  SCV x3  
  90  7:22  Orbital Command  
  90  7:24  Marine  
  90  7:26  SCV x2  
  90  7:29  Supply Depot  
  93  7:30  Supply Depot  
  93  7:31  Supply Depot  
  93  7:33  Supply Depot x2  
  93  7:34  Supply Depot  
  93  7:35  Missile Turret  
  93  7:38  Missile Turret  
  93  7:42  Marine x2  
  93  7:43  Marine x5  
  100  7:46  Stimpack  
  100  7:49  SCV x2  
  100  7:50  Missile Turret  
  100  7:51  SCV x2  
  104  8:00  Marine x3  
  104  8:01  Marine x4  
  104  8:03  Hellbat  
  115  8:05  Widow Mine  
  115  8:07  Medivac  
  115  8:08  Medivac  
  119  8:13  SCV  
  119  8:14  SCV x2  
  119  8:15  SCV  
  119  8:18  Marine x7  
  130  8:22  Refinery x2  
  130  8:25  SCV  
  130  8:26  SCV x2  
  134  8:27  SCV, Supply Depot  
  134  8:29  Supply Depot  
  134  8:35  Marine  
  134  8:37  Medivac  
  134  8:38  SCV x2, Marine  
  134  8:39  SCV x2, Marine  
  141  8:50  SCV x2  
  141  8:51  SCV x2  
  141  8:52  Marine x4  
  141  8:54  Marauder  
  151  8:59  Marine x2  
  147  9:21  Bunker x2  
Show
View Real Time Build Order
Export as new Build Order

antagomiR Protoss 

Build Orders: 1 Gate Expand 

Get SALT Encoding   

  12  0:01  Probe  
  13  0:13  Probe  
  14  0:19  Pylon  
  14  0:25  Probe  
  15  0:39  Gateway  
  15  0:41  Probe  
  16  0:54  Probe  
  17  0:59  Assimilator  
  17  1:06  Probe  
  18  1:31  Cybernetics Core  
  18  1:36  Probe  
  19  1:42  Nexus  
  19  1:48  Probe  
  20  2:02  Warp Gate (Chrono Boost)  
  20  2:05  Pylon  
  20  2:09  Assimilator  
  20  2:12  Adept  
  22  2:24  Probe  
  23  2:36  Probe  
  24  2:39  Robotics Facility  
  24  2:47  Adept  
  24  2:50  Probe  
  27  2:53  Probe  
  27  2:56  Pylon  
  28  3:02  Probe  
  28  3:03  Gateway  
  29  3:05  Probe  
  30  3:14  Probe  
  30  3:15  Shield Battery  
  30  3:18  Probe  
  32  3:26  Probe  
  33  3:30  Probe  
  34  3:35  Observer  
  34  3:38  Probe  
  36  3:42  Probe  
  37  3:51  Probe  
  37  3:52  Twilight Council  
  38  3:57  Observer  
  37  4:15  Probe x2  
  39  4:22  Immortal  
  39  4:23  Gateway  
  43  4:27  Probe  
  43  4:28  Probe  
  45  4:34  Assimilator  
  45  4:36  Assimilator  
  45  4:39  Probe  
  45  4:40  Probe  
  47  4:47  Stalker x2  
  45  5:01  Immortal  
  47  5:12  Stalker x2  
  48  5:32  Robotics Bay  
  48  5:33  Probe x2  
  50  5:39  Pylon  
  50  5:41  Pylon  
  50  5:45  Probe x2  
  50  5:48  Charge (Chrono Boost)  
  52  5:57  Probe x2  
  52  6:02  Forge  
  54  6:09  Probe x2  
  54  6:10  Immortal  
  60  6:21  Sentry  
  60  6:22  Sentry  
  60  6:23  Sentry  
  65  6:39  Nexus  
  65  6:42  Pylon  
  65  6:50  Immortal  
  65  6:54  Robotics Facility  
  69  6:56  Pylon  
  69  6:59  Protoss Ground Weapons Level 1 (Chrono Boost)  
  69  7:00  Pylon  
  69  7:04  Probe  
  69  7:05  Pylon  
  70  7:17  Probe x2  
  72  7:29  Observer  
  73  7:32  Zealot x3  
  79  7:38  Probe x2  
  79  7:41  Shield Battery  
  81  7:44  Pylon  
  81  7:50  Probe  
  82  7:53  Immortal  
  82  7:58  Probe x2  
  88  8:02  Probe  
  88  8:03  Assimilator  
  89  8:06  Assimilator  
  89  8:10  Probe x2  
  91  8:19  Stalker x2  
  95  8:31  Gateway  
  92  8:34  Gateway  
  43  9:03  Stalker x3  
Tags
 
Matchup
PvT
Replay Pack
20200422
Spawn Locations
Cross Positions
Add a new tag
Caveats
  • Supply blocks, unpowered buildings, or Contaminate may cause inaccurate times.
  • Supply counts are checked every 10 seconds.